 Dungeon Crawl Stone Soup version 0.32-a0-126-g9fbf7fb75a (webtiles) character file.

Game seed: 1796872369088632073

20 Nattfarinn the Magician (level 2, -2/24 HPs)
             Began as an Oni Hedge Wizard on Feb 7, 2024.
             Slain by an adder (3 damage)
             ... on level 1 of the Dungeon.
             The game lasted 00:01:01 (798 turns).

Nattfarinn the Magician (Oni Hedge Wizard)           Turns: 798, Time: 00:01:02

Health: -2/24      AC:  3    Str: 13    XL:     2   Next: 79%
Magic:  7/7        EV:  9    Int: 15    God:
Gold:   7          SH:  0    Dex:  8    Spells: 8/9 levels left

rFire   . . .        e - +2 short sword (freeze)
rCold   . . .        (no shield)
rNeg    . . .        b - +0 robe
rPois   .            c - +0 hat
rElec   .            (no cloak)
rCorr   .            (gloves unavailable)
SInv    .            (boots unavailable)
Will    .....        (no amulet)
Stlth   +            (no ring)
HPRegen 0.24/turn    (no ring)
MPRegen 0.10/turn

%: no passive effects
@: lethally poisoned (-2 -> -6)
A: large, unfitting armour, horns 1, tough skin 1, double potion healing,
drunken brawling
a: no special abilities


You were on level 1 of the Dungeon.
You visited 1 branch of the dungeon, and saw 2 of its levels.

You collected 7 gold pieces.

Inventory:

Hand Weapons
 a - a +0 dagger
 e - a +2 short sword of freezing (weapon)
Armour
 b - a +0 robe (worn)
 c - a +0 hat (worn)
Scrolls
 g - a scroll of teleportation {unknown}
 h - a scroll of identify {unknown}
 i - 2 scrolls of fear {unknown}
Potions
 f - a potion of degeneration {unknown}
 j - a potion of invisibility {unknown}


   Skills:
 - Level 1.7 Dodging
 - Level 1.4 Stealth
 * Level 4.3 Spellcasting
 + Level 1.5 Conjurations
 - Level 0.8 Summonings
 - Level 0.8 Translocations


You had 8 spell levels left.
You knew the following spells:

 Your Spells              Type           Power      Damage    Failure   Level
a - Magic Dart            Conj           28%        1d4       10%         1

Your spell library contained the following spells:

 Spells                   Type           Power      Damage    Failure   Level
 Slow                     Hex            12%        N/A       19%         1
 Blink                    Tloc           10%        N/A       19%         2
 Call Imp                 Summ           10%        N/A       19%         2
 Cigotuvi's Dreadful Rot  Necr/Alch/Air  6%         N/A       26%         2
 Mephitic Cloud           Conj/Alch/Air  4%         N/A       38%         3


Dungeon Overview and Level Annotations

Branches:
Dungeon (2/15)

Altars:


Innate Abilities, Weirdness & Mutations

You are too large for most types of armour.
You have a pair of small horns on your head.
You have tough skin. (AC +1)
You gain doubled healing and magic from potions.
Whenever you drink a healing potion, you attack all around you.


Message History

You are poisoned.
The adder poisons you! The adder bites you.
You are more poisoned.
The adder poisons you!
You miss the adder. Your headbutt misses the adder.
The adder is moderately wounded.
You feel very sick.
An adder comes into view.
The adder closely misses you.
You closely miss the adder.
The adder is moderately wounded.
You feel very sick. The adder completely misses you.
You barely miss the adder.
The adder hisses angrily.
Your headbutt misses the adder.
The adder is moderately wounded.
You feel sick. The adder misses you. The adder closely misses you.
You feel sick. The adder misses you.
You climb upwards.
You feel sick.
There is a stone staircase leading down here.
Unknown command.
You miss the adder. Your headbutt misses the adder.
The adder is moderately wounded.
You feel sick. The adder barely misses you.
You miss the adder.
The adder is moderately wounded.
You feel sick. The adder bites you.
* * * LOW HITPOINT WARNING * * *
The adder bites you.
* * * LOW HITPOINT WARNING * * *
You are lethally poisoned!
The adder poisons you!
You take a swig of the potion and twirl your +2 short sword of freezing.
You hit the adder. You freeze the adder.
The adder is heavily wounded.
Magic courses through your body.
* * * LOW HITPOINT WARNING * * *
You feel sick. The adder bites you.
You die...

##.....## ##.......##
#.........# #######
#.........# #[....#
#.........# #.....#
#.........# #.....#
#.........# #.....##
######.........# #......#
##...##..@......###......#
##.....#...S.......#......#
#..........................
#..........................
#.......#...............(#>
##...............###......#
##.....##.#####..#####.....
#.......#.# #....# #....รท
#.......#.# ##...# #.....


You could see an adder.

Vanquished Creatures
  2 dart slugs (D:1)
  An endoplasm (D:1)
  A giant cockroach (D:1)
  A goblin (D:1)
  3 hobgoblins (D:1)
  3 ball pythons (D:1)
  A frilled lizard (D:1)
  2 kobolds (D:1)
  2 rats (D:1)
16 creatures vanquished.

Notes
Turn   | Place    | Note
-------+----------+-------------------------------------------
     0 | D:1      | Nattfarinn the Oni Hedge Wizard began the quest for the
                  | Orb.
     0 | D:1      | Reached XP level 1. HP: 16/16 MP: 5/5
    67 | D:1      | Reached skill level 1 in Conjurations
   185 | D:1      | Reached skill level 4 in Spellcasting
   185 | D:1      | Reached XP level 2. HP: 24/24 MP: 0/7
   798 | D:1      | HP: 1/24 [poisoned by an adder]
   798 | D:1      | Slain by an adder

Illustrated notes

Levels and vault maps discovered:
D:1:      orjb1_lava_funnel, layout_rooms
D:2:      layout_rooms, serial_bayou, serial_bayou_lake_a, serial_bayou_ford_a,
          serial_bayou_pond_e, serial_bayou_crossing, basic_altar, serial_shops,
          shop

Skill      XL: |  1 |
---------------+----+-----
Conjurations   | 1 |  1.5
Spellcasting   | 4 |  4.3
Dodging        | |  1.7
Stealth        | |  1.4
Summonings     | |  0.8
Translocations | |  0.8

Action                     || total
---------------------------++-------
  Melee: Short sword       ||    14
         Headbutt          ||     3
   Cast: Magic Dart        ||    33
    Use: Potion            ||     1
 Armour: Robe              ||    12
  Dodge: Dodged            ||    12

Table legend: (Time is in decaauts)
 A = Elapsed time spent in this place.
 B = Non-inter-level travel time spent in this place.
 C = Inter-level travel time spent in this place.
 D = Time resting spent in this place.
 E = Time spent auto-exploring this place.
 F = Levels seen in this place.
 G = Mean time per level.
                   A        B        C        D        E       F      G
               +--------+--------+--------+--------+--------+-----+--------+
         Total |    797 |    792 |      5 |      0 |    681 |   2 |  398.5 |
       Dungeon |    797 |    792 |      5 |      0 |    681 |   2 |  398.5 |
               +--------+--------+--------+--------+--------+-----+--------+

Top non-repeatable levels by time:
     D:1: 789 daAuts
     D:2: 8 daAuts
